 Dungeon Crawl Stone Soup version 0.28-a0-10-g964c8b829e (webtiles) character file.

Game seed: 14668333047884642091

2384 Gargoyl the Skirmisher (level 9, -7/111 HPs)
             Began as a Gnoll Abyssal Knight on July 25, 2021.
             Was a Believer of Lugonu.
             Mangled by a two-headed ogre (21 damage)
             ... on level 6 of the Dungeon.
             The game lasted 00:09:04 (7697 turns).

Gargoyl the Skirmisher (Gnoll Abyssal Knight)       Turns: 7697, Time: 00:09:04

Health: -7/111     AC:  9    Str: 21    XL:     9   Next: 45%
Magic:  15/15      EV: 11    Int: 20    God:    Lugonu [**....]
Gold:   248        SH:  9    Dex: 12    Spells: 16/16 levels left

rFire   . . .      SeeInvis .   a - +1 hand axe (flame)
rCold   . . .      Faith    .   d - +0 kite shield
rNeg    . . .      Spirit   .   c - +2 leather armour of Noon {-Cast Harm +Inv rPois}
rPois   +          Reflect  .   n - +1 helmet {Int+3}
rElec   .          Harm     +   f - +0 cloak
rCorr   .          Rampage  .   (no gloves)
Will    .....      NoCast   +   (no boots)
Stlth   ..........              (no amulet)
HPRegen 0.28/turn               l - +6 ring of strength
MPRegen 0.14/turn               p - +6 ring of intelligence

@: berserking, very quick
A: fangs 1, strong nose, distributed training
a: Renounce Religion, Evoke Invisibility, Depart the Abyss, Bend Space


You were on level 6 of the Dungeon.
You worshipped Lugonu.
Lugonu was pleased with you.
You visited 1 branch of the dungeon, and saw 6 of its levels.
You visited the Abyss 1 time.

You collected 365 gold pieces.
You spent 117 gold pieces at shops.

Inventory:

Hand Weapons
 a - a +1 hand axe of flaming (weapon)
Missiles
 h - a poisoned dart (quivered)
 j - a throwing net
Armour
 c - the +2 leather armour of Noon (worn) {-Cast Harm +Inv rPois}
   (You found it on level 2 of the Abyss)

   rPois:     It protects you from poison.
   +Inv:      It lets you turn invisible.
   -Cast:     It prevents spellcasting.
   Harm:      It increases damage dealt and taken.
 d - a +0 kite shield (worn)
 e - a +0 chain mail
 f - a +0 cloak (worn)
 n - a +1 helmet of intelligence (worn)
Jewellery
 l - a +6 ring of strength (left hand)
 p - a +6 ring of intelligence (right hand)
 r - a ring of flight
Scrolls
 b - 4 scrolls of teleportation
 i - a scroll of blinking
 m - 2 scrolls of magic mapping
 q - a scroll of identify
Potions
 s - a potion of degeneration


   Skills:
 + Level 7.9 Fighting
 + Level 4.2 Short Blades
 + Level 4.2 Long Blades
 + Level 6.3 Axes
 + Level 4.2 Maces & Flails
 + Level 4.2 Polearms
 + Level 4.2 Staves
 + Level 4.2 Slings
 + Level 4.2 Bows
 + Level 4.2 Crossbows
 + Level 4.2 Throwing
 + Level 6.3 Armour
 + Level 5.0 Dodging
 + Level 4.2 Stealth
 + Level 4.2 Shields
 + Level 4.2 Unarmed Combat
 + Level 4.2 Spellcasting
 + Level 3.5 Conjurations
 + Level 3.5 Hexes
 + Level 3.5 Summonings
 + Level 3.5 Necromancy
 + Level 3.5 Translocations
 + Level 3.5 Transmutations
 + Level 3.5 Fire Magic
 + Level 3.5 Ice Magic
 + Level 3.5 Air Magic
 + Level 3.5 Earth Magic
 + Level 3.5 Poison Magic
 + Level 6.6 Invocations
 + Level 4.2 Evocations


You had 16 spell levels left.
You didn't know any spells.
Your spell library contained the following spells:

 Spells                   Type           Power      Damage    Failure   Level
 Poisonous Vapours        Pois/Air       36%        N/A       22%         2
 Conjure Flame            Conj/Fire      18%        6-21      38%         3
 Ignite Poison            Fire/Tmut/Pois 18%        N/A       38%         3
 Mephitic Cloud           Conj/Pois/Air  18%        N/A       38%         3
 Sticky Flame             Conj/Fire      18%        2d4       80%         4
 Fireball                 Conj/Fire      9%         3d6       98%         5
 Freezing Cloud           Conj/Ice/Air   9%         6-21      98%         5
 Simulacrum               Ice/Necr       9%         N/A       100%        6
 Starburst                Conj/Fire      9%         8x6d5     100%        6
 Ignition                 Fire           9%         3d5       100%        8
 Polar Vortex             Ice            9%         N/A       100%        9


Dungeon Overview and Level Annotations

Branches:
Dungeon (6/15)
 Temple: D:4-7

Altars:
Fedhas
Uskayaw
Vehumet
Xom

Shops:
D:6 ?


Innate Abilities, Weirdness & Mutations

You have very sharp teeth.
Your uncanny sense of smell can sniff out nearby items.
Your experience applies equally to all skills.


Message History

Your bite misses the two-headed ogre.
The two-headed ogre is lightly wounded.
You block the two-headed ogre's attack. x2
You hit the two-headed ogre. You burn the two-headed ogre.
The two-headed ogre is moderately wounded.
The two-headed ogre hits you with a +0 giant spiked club! x2
You slash the two-headed ogre! You burn the two-headed ogre.
You bite the two-headed ogre.
The two-headed ogre is heavily wounded.
You block the two-headed ogre's attack.
The two-headed ogre hits you with a +0 giant spiked club!!
The two-headed ogre looks more healthy.
Throw: 3 darts (poison)
Press: ? - help, Q - select action, (/) - cycle Shift-Dir - straight line, f/p - two-headed ogre
Aim: a two-headed ogre, wielding two +0 giant spiked clubs (heavily wounded, 77% to hit)
You throw a poisoned dart.
The poisoned dart hits the two-headed ogre.
The two-headed ogre is poisoned.
The two-headed ogre is heavily wounded.
The two-headed ogre looks more healthy.
You block the two-headed ogre's attack. x2
Throw: 2 darts (poison)
Press: ? - help, Q - select action, (/) - cycle Shift-Dir - straight line, f/p - two-headed ogre
Aim: a two-headed ogre, wielding two +0 giant spiked clubs (heavily wounded, 77% to hit)
You throw a poisoned dart.
The poisoned dart hits the two-headed ogre!
The two-headed ogre is poisoned.
The two-headed ogre is heavily wounded.
The two-headed ogre hits you with a +0 giant spiked club!
The two-headed ogre hits you with a +0 giant spiked club!!
* * * LOW HITPOINT WARNING * * *
Okay, then.
Unknown command.
Okay, then.
You feel better.
A red film seems to cover your vision as you go berserk!
You feel yourself moving faster!
You feel mighty!
The two-headed ogre hits you but does no damage.
The two-headed ogre hits you with a +0 giant spiked club!!
You die...

##...# #.......# #.####.#
...#.###.#####.###.####.#
##..(....# #.(.....##.#
#######.# #.(.....##.###
#.# #...#........#
#.#####.#.#.#.##.#.#
#.......#.#.#.##...#
####.##.#O#'#.##...###
#.##.#@#∩#.....>..#####
#.##.#.######...#......
#.##.#..........#######
#.##.#..........[#
.....########.#.## ######
.##### #....# ...... . ##
#..### ###### ##
####.###..# #
..........######


You could see a two-headed ogre (poisoned).

Vanquished Creatures
  The ghost of hemabe71 the Charlatan, a novice HuAr of Okawaru (D:5)
  An unseen horror (D:5)
  Prince Ribbit (D:5)
  2 sky beasts (D:5)
  4 ogres
  A centaur (D:5)
  A phantom (D:5)
  A bullfrog (D:4)
  A water moccasin zombie (D:5)
  2 scorpions
  A centaur zombie (D:5)
  A bullfrog zombie (D:6)
  2 orc priests (D:5)
  3 hounds
  A bullfrog skeleton (D:5)
  2 centaur skeletons (D:5)
  2 iguanas
  Natasha (thrice) (D:3)
  Terence (D:3)
  2 orc wizards (D:5)
  The ghost of Torax the Ruffian, a weakling TrDe (D:4)
  9 adders
  7 gnolls
  A white imp (D:6)
  An ufetubus (D:6)
  2 dart slugs
  9 orcs
  6 endoplasms
  3 giant cockroaches (D:1)
  4 goblins
  4 hobgoblins
  5 jackals
  5 ball pythons
  2 bats
  2 frilled lizards
  9 kobolds
  5 rats (D:1)
108 creatures vanquished.

Vanquished Creatures (others)
  42 plants (D:6)
42 creatures vanquished.

Grand Total: 150 creatures vanquished

Notes
Turn   | Place    | Note
-------+----------+-------------------------------------------
     0 | Abyss:1  | Gargoyl the Gnoll Abyssal Knight began the quest for the
                  | Orb.
     0 | Abyss:1  | Reached XP level 1. HP: 23/23 MP: 3/3
    10 | Abyss:2  | Identified the +2 leather armour of Noon {-Cast Harm +Inv
                  | rPois}
    27 | Abyss:2  | Found a corrupted altar of Lugonu.
    29 | Abyss:2  | Noticed a quasit
    36 | Abyss:2  | Noticed a smoke demon
    36 | Abyss:2  | Noticed a hellwing
    36 | Abyss:2  | Noticed a hellwing
    36 | Abyss:2  | Noticed a hellwing
    37 | Abyss:2  | Noticed a smoke demon
    40 | D:1      | Escaped the Abyss
   151 | D:1      | Reached * piety under Lugonu
   239 | D:1      | Reached XP level 2. HP: 26/29 MP: 5/5
   280 | D:1      | Found a faded altar of an unknown god.
  1170 | D:2      | Reached XP level 3. HP: 35/35 MP: 6/6
  1438 | D:2      | Found a radiant altar of Vehumet.
  1654 | D:2      | Reached skill level 1 in Short Blades
  1654 | D:2      | Reached skill level 1 in Long Blades
  1654 | D:2      | Reached skill level 1 in Maces & Flails
  1654 | D:2      | Reached skill level 1 in Polearms
  1654 | D:2      | Reached skill level 1 in Staves
  1654 | D:2      | Reached skill level 1 in Slings
  1654 | D:2      | Reached skill level 1 in Bows
  1654 | D:2      | Reached skill level 1 in Crossbows
  1654 | D:2      | Reached skill level 1 in Throwing
  1654 | D:2      | Reached skill level 1 in Stealth
  1654 | D:2      | Reached skill level 1 in Shields
  1654 | D:2      | Reached skill level 1 in Unarmed Combat
  1654 | D:2      | Reached skill level 1 in Spellcasting
  1654 | D:2      | Reached skill level 1 in Evocations
  1701 | D:3      | Reached XP level 4. HP: 38/41 MP: 7/7
  1735 | D:3      | Noticed Natasha
  1740 | D:3      | Killed Natasha
  1741 | D:3      | Reached skill level 1 in Conjurations
  1741 | D:3      | Reached skill level 1 in Hexes
  1741 | D:3      | Reached skill level 1 in Summonings
  1741 | D:3      | Reached skill level 1 in Necromancy
  1741 | D:3      | Reached skill level 1 in Translocations
  1741 | D:3      | Reached skill level 1 in Transmutations
  1741 | D:3      | Reached skill level 1 in Fire Magic
  1741 | D:3      | Reached skill level 1 in Ice Magic
  1741 | D:3      | Reached skill level 1 in Air Magic
  1741 | D:3      | Reached skill level 1 in Earth Magic
  1741 | D:3      | Reached skill level 1 in Poison Magic
  1946 | D:3      | Noticed Terence
  1950 | D:3      | Noticed Natasha
  1953 | D:3      | Killed Terence
  1954 | D:3      | Reached XP level 5. HP: 36/47 MP: 8/8
  1962 | D:3      | Killed Natasha
  1966 | D:3      | Noticed Natasha
  1975 | D:3      | Killed Natasha
  2917 | D:4      | Found a runed translucent door.
  2920 | D:4      | Noticed Torax's ghost (weakling TrDe)
  2948 | D:4      | Reached skill level 5 in Invocations
  2948 | D:4      | Reached XP level 6. HP: 42/53 MP: 9/9
  3024 | D:4      | Reached skill level 5 in Axes
  3024 | D:4      | Reached skill level 5 in Armour
  3282 | D:4      | Reached ** piety under Lugonu
  3488 | D:4      | Found a hide-covered altar of Uskayaw.
  3905 | D:4      | Killed Torax's ghost
  4028 | D:5      | Entered Level 5 of the Dungeon
  4046 | D:5      | Reached skill level 7 in Fighting
  4046 | D:5      | Reached XP level 7. HP: 25/60 MP: 10/10
  4706 | D:5      | Reached XP level 8. HP: 55/67 MP: 12/12
  5086 | D:5      | Found a transporter.
  5089 | D:5      | Found a transporter.
  5089 | D:5      | Noticed hemabe71's ghost (novice HuAr)
  5435 | D:5      | Found a shimmering altar of Xom.
  5437 | D:5      | Noticed Prince Ribbit
  5778 | D:5      | Killed Prince Ribbit
  5970 | D:6      | Identified a scroll of acquirement
  5970 | D:6      | Acquired a +1 helmet of intelligence
  6206 | D:6      | Found Ypre's Magic Scroll Emporium.
  6224 | D:6      | Bought 2 scrolls of teleportation for 78 gold pieces
  6224 | D:6      | Bought a scroll of teleportation for 39 gold pieces
  6535 | D:5      | Killed an unseen horror
  6536 | D:5      | Reached XP level 9. HP: 20/73 MP: 13/15
  6944 | D:5      | Killed hemabe71's ghost
  7006 | D:6      | Reached skill level 5 in Dodging
  7052 | D:6      | Found a blossoming altar of Fedhas.
  7649 | D:6      | Noticed a two-headed ogre
  7690 | D:6      | HP: 1/74 [two-headed ogre (22)]
  7697 | D:6      | Mangled by a two-headed ogre

Illustrated notes

Levels and vault maps discovered:
D:1:      minmay_arrival_jagged, layout_basic, ebering_ecumenical_altar_hall,
          minmay_pentomino_q2
D:2:      layout_rooms, basic_altar, minmay_close_crescents
D:3:      layout_loops_ring, uniq_natasha, uniq_terence
D:4:      layout_loops_ring, nicolae_uskayaw_dance_hall,
          ebering_ghost_inner_flame, serial_bayou_pond_c
D:5:      kennysheep_spiral_hall, layout_cave_pods, xom_teletrap_fun,
          gammafunk_ghost_arena, uniq_prince_ribbit1
D:6:      layout_loops_ring, mainiacjoe_overflow_six_doors_small, serial_shops,
          nicolae_shop_window_shopping, nicolae_shop_waterfront,
          serial_bayou_lagoon_a, minmay_misc_feat_rugged

Skill      XL: |  1  2  3  4  5  6  7  8  9 |
---------------+----------------------------+-----
Short Blades   | 1 2 4 |  4.2
Long Blades    | 1 2 4 |  4.2
Maces & Flails | 1 2 4 |  4.2
Polearms       | 1 2 4 |  4.2
Staves         | 1 2 4 |  4.2
Slings         | 1 2 4 |  4.2
Bows           | 1 2 4 |  4.2
Crossbows      | 1 2 4 |  4.2
Throwing       | 1 2 4 |  4.2
Stealth        | 1 2 4 |  4.2
Shields        | 1 2 4 |  4.2
Unarmed Combat | 1 2 4 |  4.2
Spellcasting   | 1 2 4 |  4.2
Evocations     | 1 2 4 |  4.2
Conjurations   | 1 2 3 |  3.5
Hexes          | 1 2 3 |  3.5
Summonings     | 1 2 3 |  3.5
Necromancy     | 1 2 3 |  3.5
Translocations | 1 2 3 |  3.5
Transmutations | 1 2 3 |  3.5
Fire Magic     | 1 2 3 |  3.5
Ice Magic      | 1 2 3 |  3.5
Air Magic      | 1 2 3 |  3.5
Earth Magic    | 1 2 3 |  3.5
Poison Magic   | 1 2 3 |  3.5
Dodging        | 3 4 5 |  5.0
Invocations    | 5 6 |  6.6
Axes           | 5 6 |  6.3
Armour         | 5 6 |  6.3
Fighting       | 7 |  7.9

Action                   |  1- 3 |  4- 6 |  7- 9 || total
-------------------------+-------+-------+-------++-------
Melee: Hand axe          |    97 |   110 |   179 ||   386
       Staff             |    20 |       |       ||    20
       Bite              |     6 |    10 |    21 ||    37
Throw: Boomerang         |       |       |     9 ||     9
       Dart              |       |       |     8 ||     8
Invok: Depart the Abyss  |     1 |       |       ||     1
  Use: Scroll            |       |    10 |     3 ||    13
       Potion            |       |       |     8 ||     8
 Stab: Sleeping          |       |     1 |     1 ||     2
Armor: Leather armour    |    64 |    24 |    96 ||   184
       Skin              |       |       |    24 ||    24
Dodge: Dodged            |    64 |    36 |    73 ||   173
Block: Kite shield       |    47 |    54 |    99 ||   200

Table legend: (Time is in decaauts)
 A = Elapsed time spent in this place.
 B = Non-inter-level travel time spent in this place.
 C = Inter-level travel time spent in this place.
 D = Time resting spent in this place.
 E = Time spent auto-exploring this place.
 F = Levels seen in this place.
 G = Mean time per level.
                   A        B        C        D        E       F      G
               +--------+--------+--------+--------+--------+-----+--------+
         Total |   7848 |   7638 |    210 |    670 |   5611 |   8 |  981.0 |
       Dungeon |   7808 |   7598 |    210 |    670 |   5601 |   6 | 1301.3 |
         Abyss |     39 |     39 |      0 |      0 |     10 |   2 |   19.5 |
               +--------+--------+--------+--------+--------+-----+--------+

Top non-repeatable levels by time:
     D:5: 2726 daAuts
     D:4: 1324 daAuts
     D:1: 1145 daAuts
     D:3: 1052 daAuts
     D:6: 1010 daAuts
     D:2: 549 daAuts
 Abyss:2: 37 daAuts
 Abyss:1: 2 daAuts
